 Dungeon Crawl Stone Soup version 0.29.1 (webtiles) character file.

Game seed: 1195362413351400155

22820 qw the Severer (level 12, -9/121 HPs)
             Began as a Minotaur Berserker on Sept 13, 2022.
             Was a Priest of Trog.
             Killed from afar by an oklob plant (22 damage)
             ... with a splash of acid
             ... on level 4 of the Lair of Beasts.
             The game lasted 00:05:45 (19124 turns).

qw the Severer (Minotaur Berserker)                Turns: 19124, Time: 00:05:45

Health: -9/121     AC:  7    Str: 26    XL:     12   Next: 66%
Magic:  11/11      EV: 24    Int:  4    God:    Trog [***...]
Gold:   855        SH:  0    Dex: 11    Spells: 11/11 levels left

rFire   . . .      SeeInvis +   Y - +0 war axe
rCold   + . .      Faith    .   (no shield)
rNeg    . . .      Spirit   .   o - +0 plate armour
rPois   .          Reflect  .   (helmet restricted)
rElec   .          Harm     .   (no cloak)
rCorr   .          Rampage  .   (no gloves)
Will    .....                   (no boots)
Stlth   ..........              f - amulet of the acrobat
HPRegen 0.30/turn               c - ring of protection from cold
MPRegen 0.12/turn               k - ring of see invisible

@: about to teleport, corroded, acrobatic
A: horns 2, retaliatory headbutt
a: Renounce Religion, Berserk, Trog's Hand


You were on level 4 of the Lair of Beasts.
You worshipped Trog.
Trog was most pleased with you.
You visited 2 branches of the dungeon, and saw 13 of its levels.

You collected 983 gold pieces.
You spent 128 gold pieces at shops.


Innate Abilities, Weirdness & Mutations

You have a pair of horns on your head.
You reflexively headbutt those who attack you in melee.


   Skills:
 + Level 15.2 Fighting
 - Level 16.0 Axes
 - Level 1.3 Throwing
 - Level 12.1 Armour
 - Level 6.1 Dodging


You had 11 spell levels left.
You didn't know any spells.
Your spell library was empty.

Inventory:

Hand Weapons
 j - a +0 morningstar
 Y - a +0 war axe (weapon)
Armour
 g - a +0 chain mail of cold resistance
 o - a +0 plate armour (worn)
Jewellery
 c - a ring of protection from cold (left hand)
 f - an amulet of the acrobat (around neck)
 h - a ring of protection from cold
 i - an amulet of guardian spirit
 k - a ring of see invisible (right hand)
 p - a ring of willpower
Scrolls
 a - 2 scrolls of identify
 b - 2 scrolls of teleportation
 r - a scroll of butterflies {unknown}
Potions
 d - 6 potions of curing
 e - a potion of might
 l - a potion of mutation
 m - a potion of haste
 n - a potion of resistance
 q - a potion of degeneration {unknown}

Dungeon Overview and Level Annotations

Branches:
Dungeon (9/15)             Temple (0/1) D:7            Lair (4/5) D:9
  Swamp (0/4) Lair:2        Snake (0/4) Lair:2        Slime (0/5) Lair:4
    Orc (0/2) D:9

Altars:
Ashenzari
Fedhas
Nemelex Xobeh
Ru
Sif Muna
Trog
Vehumet
Wu Jian
The Shining One
Jiyva

Shops:
D:2 [*?[   D:6 *


Message History

You slash the yak!
The yak is heavily wounded.
The yak closely misses you.
You slash the yak! You headbutt the yak.
You kill the yak!
Trog accepts your kill.
There is a stone staircase leading down here.
The oklob plant spits acid at you. The splash of acid hits you!
The acid corrodes you! The oklob plant spits acid at you.
The splash of acid misses you. The oklob plant spits acid at you.
The splash of acid misses you. The oklob plant spits acid at you.
The splash of acid hits you. The oklob plant spits acid at you.
The splash of acid hits you! The oklob plant spits acid at you.
The splash of acid misses you.
You are no longer corroded.
The oklob plant spits acid at you. The splash of acid misses you.
The oklob plant spits acid at you. The splash of acid misses you.
The oklob plant spits acid at you. The splash of acid misses you.
The oklob plant spits acid at you. The splash of acid hits you!
The oklob plant spits acid at you. The splash of acid hits you!!
The oklob plant spits acid at you. The splash of acid hits you!!
The acid corrodes you!
19121 ||| READING 3 scrolls of teleportation.
As you read the scroll of teleportation, it crumbles to dust.
You feel strangely unstable. The oklob plant spits acid at you.
The splash of acid hits you! The acid corrodes you!
The oklob plant spits acid at you. The splash of acid hits you!!
You die...

...........P.....................
##P####.##P......#.#..######...##
##########....##############....#
..###.#..#.....####.#.#....#...##
.................................
.................................
.................................
##..#.....(.......#.#.#.###......
#####....PPP....@####.### #...>[#
..###./.[PPP)....############...#
P..##....PPP......##..#.#.###...#
.................................
.................................
.................................
###.#...P........#(######..###.##
. ####..#.##.....#.# ##.##.### .#
..#.#.#....#### #######.##.#


You could see an oklob plant.

Vanquished Creatures
  Fannar (Lair:1)
  2 hydras
  2 catoblepae
  6 black mambas
  12 cane toads
  A rime drake (Lair:2)
  9 komodo dragons
  A polar bear (Lair:3)
  A hornet (D:8)
  Prince Ribbit (D:5)
  5 blink frogs (Lair:3)
  A shadow (D:9)
  18 yaks
  3 wyverns
  2 basilisks
  2 steam dragons
  An acid dragon (D:9)
  4 nagas (Lair:2)
  Duvessa (D:4)
  Edmund (D:6)
  6 water moccasins
  2 orc warriors
  2 sky beasts
  3 black bears (Lair:3)
  An ice beast (D:5)
  2 ogres
  2 centaurs
  8 wolves
  2 phantoms (D:5)
  2 kobold brigands (D:9)
  A necrophage (D:6)
  11 bullfrogs
  2 scorpions (D:6)
  5 wights (D:9)
  Dowan (D:4)
  6 killer bees (D:8)
  3 howler monkeys (D:8)
  An electric eel (Lair:3)
  An orc priest (D:9)
  A hound (D:7)
  A gnoll bouda (D:5)
  3 iguanas
  8 orc wizards
  7 hell rats (Lair:1)
  13 gnolls
  14 river rats (Lair:1)
  6 adders
  A shadow imp (D:6)
  A white imp (D:6)
  An ufetubus (D:5)
  A worm (D:3)
  4 dart slugs
  23 orcs
  11 ball pythons
  8 endoplasms
  7 giant cockroaches
  7 goblins
  6 hobgoblins
  5 jackals (D:2)
  21 kobolds
  13 quokkas
  8 bats
  A frilled lizard (D:1)
  17 rats
323 creatures vanquished.

Vanquished Creatures (collateral kills)
  A hydra (Lair:2)
  A bullfrog (Lair:2)
2 creatures vanquished.

Vanquished Creatures (others)
  24 fungi
  26 plants
  4 toadstools (D:1)
54 creatures vanquished.

Grand Total: 379 creatures vanquished

Notes
Turn   | Place    | Note
-------+----------+-------------------------------------------
     0 | D:1      | qw the Minotaur Berserker began the quest for the Orb.
     0 | D:1      | Reached XP level 1. HP: 19/19 MP: 0/0
     0 | D:1      | 0 ||| qw: Version: 0.1-a-119-g272c26d
     0 | D:1      | 0 ||| qw: Game counter: 11293
     0 | D:1      | 0 ||| qw: Always use a shield: true
     0 | D:1      | 0 ||| qw: Do Orc after D:15 true
     0 | D:1      | 0 ||| qw: Do second Lair branch before Depths: true
     0 | D:1      | 0 ||| qw: Lair rune preference: random
     0 | D:1      | 0 ||| qw: Plans: Normal
     0 | D:1      | 0 ||| PLANNING D:1-11
   308 | D:1      | Reached skill level 4 in Axes
   388 | D:1      | 388 ||| Stepping ~*~*~tactically~*~*~ (stealth).
   389 | D:1      | 389 ||| Stepping ~*~*~tactically~*~*~ (stealth).
   390 | D:1      | 390 ||| Stepping ~*~*~tactically~*~*~ (stealth).
   392 | D:1      | Reached XP level 2. HP: 24/26 MP: 1/1
   396 | D:1      | 396 ||| Stepping ~*~*~tactically~*~*~ (stealth).
   397 | D:1      | 397 ||| Stepping ~*~*~tactically~*~*~ (stealth).
   419 | D:1      | 419 ||| Stepping ~*~*~tactically~*~*~ (stealth).
   422 | D:1      | 422 ||| Stepping ~*~*~tactically~*~*~ (stealth).
   798 | D:1      | Reached skill level 5 in Axes
   855 | D:1      | Reached XP level 3. HP: 28/31 MP: 2/2
   899 | D:1      | Reached ** piety under Trog
  1018 | D:1      | 1018 ||| DROPPING +0 club.
  1425 | D:1      | 1425 ||| UPGRADING to +0 leather armour.
  1435 | D:1      | 1435 ||| DROPPING +0 animal skin.
  1436 | D:1      | 1436 ||| UPGRADING to +0 ring mail.
  1446 | D:1      | 1446 ||| DROPPING +0 leather armour.
  1447 | D:1      | 1447 ||| READING scroll labelled AGUIXKIREN.
  1448 | D:1      | 1448 ||| READING scroll labelled EWARO SAWU.
  1449 | D:1      | 1449 ||| READING scroll labelled YLA TIGEKEETHRE.
  1490 | D:2      | Found Capanur's Magic Scroll Shop.
  1509 | D:2      | 1509 ||| SHOPLISTING scroll of acquirement (624 gold, have
                  | 116).
  1509 | D:2      | 1509 ||| BUYING scroll of identify (24 gold).
  1509 | D:2      | Bought a scroll of identify for 24 gold pieces
  1509 | D:2      | 1509 ||| BUYING scroll of identify (24 gold).
  1509 | D:2      | Bought a scroll of identify for 24 gold pieces
  1509 | D:2      | 1509 ||| BUYING scroll of identify (24 gold).
  1509 | D:2      | Bought a scroll of identify for 24 gold pieces
  1509 | D:2      | 1509 ||| BUYING scroll of teleportation (36 gold).
  1509 | D:2      | Bought a scroll of teleportation for 36 gold pieces
  1509 | D:2      | 1509 ||| SHOPLISTING scroll of teleportation (36 gold, have
                  | 8).
  1568 | D:2      | 1568 ||| FLEEEEING.
  1569 | D:2      | 1569 ||| FLEEEEING.
  1570 | D:2      | 1570 ||| FLEEEEING.
  1573 | D:2      | 1573 ||| FLEEEEING.
  1575 | D:2      | 1575 ||| FLEEEEING.
  1576 | D:2      | 1576 ||| FLEEEEING.
  1577 | D:2      | 1577 ||| FLEEEEING.
  1578 | D:2      | 1578 ||| FLEEEEING.
  1579 | D:2      | 1579 ||| FLEEEEING.
  1580 | D:2      | 1580 ||| FLEEEEING.
  1582 | D:2      | 1582 ||| FLEEEEING.
  1583 | D:2      | 1583 ||| FLEEEEING.
  1584 | D:2      | 1584 ||| FLEEEEING.
  1585 | D:2      | 1585 ||| FLEEEEING.
  1586 | D:2      | 1586 ||| FLEEEEING.
  1587 | D:2      | 1587 ||| FLEEEEING.
  1588 | D:2      | 1588 ||| FLEEEEING.
  1589 | D:2      | 1589 ||| FLEEEEING.
  1592 | D:2      | 1592 ||| FLEEEEING.
  1593 | D:2      | 1593 ||| FLEEEEING.
  1594 | D:2      | 1594 ||| FLEEEEING.
  1658 | D:2      | Reached skill level 6 in Axes
  1658 | D:2      | Reached XP level 4. HP: 31/39 MP: 3/3
  1809 | D:2      | Found Zazer's Armour Shop.
  1817 | D:2      | 1817 ||| SHOPLISTING +0 chain mail (54 gold, have 8).
  1817 | D:2      | 1817 ||| SHOPLISTING +0 cloak (54 gold, have 8).
  1817 | D:2      | 1817 ||| SHOPLISTING +0 pair of boots (54 gold, have 8).
  1817 | D:2      | 1817 ||| SHOPLISTING +0 plate armour (276 gold, have 8).
  1817 | D:2      | 1817 ||| SHOPLISTING +0 scale mail (48 gold, have 8).
  2382 | D:2      | Found Luveacibbo's Assorted Antiques.
  2389 | D:2      | 2389 ||| SHOPLISTING faintly glowing morningstar (207 gold,
                  | have 23).
  2389 | D:2      | 2389 ||| BUYING fuming black potion (20 gold).
  2389 | D:2      | Bought a fuming black potion for 20 gold pieces
  2389 | D:2      | 2389 ||| SHOPLISTING fuming black potion (20 gold, have 3).
  2389 | D:2      | 2389 ||| SHOPLISTING glowing morningstar (161 gold, have
                  | 3).
  2389 | D:2      | 2389 ||| SHOPLISTING glowing scale mail (161 gold, have 3).
  2389 | D:2      | 2389 ||| SHOPLISTING red potion (20 gold, have 3).
  2389 | D:2      | 2389 ||| SHOPLISTING scroll labelled MUFAIQ BIUNUSE (23
                  | gold, have 3).
  2389 | D:2      | 2389 ||| SHOPLISTING scroll labelled UNEAME GICRI (23 gold,
                  | have 3).
  2389 | D:2      | 2389 ||| SHOPLISTING scroll of identify (46 gold, have 3).
  2576 | D:2      | Found Rosuify's Antique Armour Shop.
  2586 | D:2      | 2586 ||| SHOPLISTING buckler (81 gold, have 3).
  2586 | D:2      | 2586 ||| SHOPLISTING crystal plate armour (1440 gold, have
                  | 3).
  2586 | D:2      | 2586 ||| SHOPLISTING runed plate armour (468 gold, have 3).
  2586 | D:2      | 2586 ||| SHOPLISTING shadow dragon scales (1440 gold, have
                  | 3).
  2586 | D:2      | 2586 ||| SHOPLISTING twisted scale mail (162 gold, have 3).
  2657 | D:2      | 2657 ||| UPGRADING to ring of protection from cold.
  2658 | D:2      | 2658 ||| READING 6 scrolls of identify.
  2658 | D:2      | 2658 ||| IDENTIFYING puce potion
  2659 | D:2      | 2659 ||| READING 5 scrolls of identify.
  2659 | D:2      | 2659 ||| IDENTIFYING metallic black potion
  2660 | D:2      | 2660 ||| READING 4 scrolls of identify.
  2660 | D:2      | 2660 ||| IDENTIFYING fuming black potion
  2661 | D:2      | 2661 ||| READING 3 scrolls of identify.
  2661 | D:2      | 2661 ||| IDENTIFYING pink potion
  2662 | D:2      | 2662 ||| READING 2 scrolls of identify.
  2662 | D:2      | 2662 ||| IDENTIFYING fizzy golden potion
  2663 | D:2      | 2663 ||| DROPPING potion of brilliance.
  3177 | D:3      | Reached *** piety under Trog
  3756 | D:3      | 3756 ||| DROPPING +3 leather armour.
  3757 | D:3      | 3757 ||| READING scroll labelled UNEAME GICRI.
  3758 | D:3      | 3758 ||| READING 3 scrolls of identify.
  3758 | D:3      | 3758 ||| IDENTIFYING fizzy orange potion
  3759 | D:3      | 3759 ||| DROPPING potion of berserk rage.
  3760 | D:3      | 3760 ||| READING 2 scrolls of teleportation.
  3867 | D:4      | Noticed Duvessa
  3868 | D:4      | Noticed Dowan
  3871 | D:4      | 3871 ||| INVOKING Berserk.
  3881 | D:4      | Killed Dowan
  3881 | D:4      | Killed Duvessa
  3882 | D:4      | Reached skill level 8 in Axes
  3882 | D:4      | Reached XP level 5. HP: 39/45 MP: 4/4
  3882 | D:4      | Reached XP level 6. HP: 44/51 MP: 5/5
  4089 | D:4      | 4089 ||| Stepping ~*~*~tactically~*~*~ (hiding).
  4090 | D:4      | 4090 ||| Stepping ~*~*~tactically~*~*~ (hiding).
  4215 | D:4      | 4215 ||| INVOKING Berserk.
  4340 | D:4      | 4340 ||| Stepping ~*~*~tactically~*~*~ (hiding).
  4343 | D:4      | 4343 ||| Stepping ~*~*~tactically~*~*~ (hiding).
  4344 | D:4      | 4344 ||| INVOKING Berserk.
  4482 | D:4      | 4482 ||| DROPPING +0 whip.
  4619 | D:4      | 4619 ||| READING 2 scrolls of identify.
  4619 | D:4      | 4619 ||| IDENTIFYING orange potion
  4620 | D:4      | 4620 ||| DROPPING potion of attraction.
  4625 | D:5      | Entered Level 5 of the Dungeon
  4705 | D:5      | Noticed an ice beast
  4722 | D:5      | 4722 ||| INVOKING Berserk.
  4723 | D:5      | Killed an ice beast
  4724 | D:5      | Reached skill level 9 in Axes
  4724 | D:5      | Reached XP level 7. HP: 35/60 MP: 6/6
  4930 | D:5      | 4930 ||| INVOKING Berserk.
  5129 | D:5      | Noticed Prince Ribbit
  5132 | D:5      | 5132 ||| INVOKING Berserk.
  5140 | D:5      | Killed Prince Ribbit
  5141 | D:5      | Reached skill level 10 in Axes
  5265 | D:5      | 5265 ||| Stepping ~*~*~tactically~*~*~ (stealth).
  5447 | D:5      | 5447 ||| FLEEEEING.
  5448 | D:5      | 5448 ||| FLEEEEING.
  5450 | D:5      | 5450 ||| FLEEEEING.
  5577 | D:5      | Reached skill level 6 in Fighting
  5736 | D:5      | 5736 ||| Stepping ~*~*~tactically~*~*~ (stealth).
  5738 | D:5      | 5738 ||| Stepping ~*~*~tactically~*~*~ (hiding).
  5743 | D:5      | 5743 ||| INVOKING Berserk.
  5785 | D:5      | 5785 ||| Stepping ~*~*~tactically~*~*~ (stealth).
  5786 | D:5      | 5786 ||| FLEEEEING.
  5787 | D:5      | 5787 ||| FLEEEEING.
  5788 | D:5      | 5788 ||| FLEEEEING.
  5789 | D:5      | 5789 ||| FLEEEEING.
  5790 | D:5      | 5790 ||| FLEEEEING.
  5791 | D:5      | 5791 ||| FLEEEEING.
  5792 | D:5      | 5792 ||| FLEEEEING.
  5793 | D:5      | 5793 ||| FLEEEEING.
  5794 | D:5      | 5794 ||| FLEEEEING.
  5795 | D:5      | 5795 ||| FLEEEEING.
  5796 | D:5      | 5796 ||| FLEEEEING.
  5797 | D:5      | 5797 ||| FLEEEEING.
  5804 | D:5      | Reached XP level 8. HP: 65/71 MP: 7/7
  5927 | D:5      | 5927 ||| UPGRADING to amulet of the acrobat.
  5932 | D:5      | 5932 ||| READING scroll labelled DUDOAH TAERCHEVUNA.
  5933 | D:5      | 5933 ||| READING scroll labelled XOUSULE NUCUMN.
  5934 | D:5      | 5934 ||| READING scroll labelled IPLA TAFEC.
  5935 | D:5      | 5935 ||| READING scroll labelled MUFAIQ BIUNUSE.
  5981 | D:6      | 5981 ||| INVOKING Berserk.
  5985 | D:6      | Reached skill level 11 in Axes
  6052 | D:6      | 6052 ||| Stepping ~*~*~tactically~*~*~ (stealth).
  6057 | D:6      | 6057 ||| Stepping ~*~*~tactically~*~*~ (stealth).
  6149 | D:6      | 6149 ||| Stepping ~*~*~tactically~*~*~ (stealth).
  6150 | D:6      | 6150 ||| Stepping ~*~*~tactically~*~*~ (stealth).
  6155 | D:6      | 6155 ||| FLEEEEING.
  6159 | D:6      | 6159 ||| Stepping ~*~*~tactically~*~*~ (stealth).
  6160 | D:6      | 6160 ||| Stepping ~*~*~tactically~*~*~ (stealth).
  6168 | D:6      | 6168 ||| FLEEEEING.
  6169 | D:6      | 6169 ||| FLEEEEING.
  6170 | D:6      | 6170 ||| FLEEEEING.
  6171 | D:6      | 6171 ||| FLEEEEING.
  6172 | D:6      | 6172 ||| FLEEEEING.
  6173 | D:6      | 6173 ||| FLEEEEING.
  6174 | D:6      | 6174 ||| FLEEEEING.
  6175 | D:6      | 6175 ||| FLEEEEING.
  6178 | D:6      | 6178 ||| STAIRDANCE
  6269 | D:6      | 6269 ||| Stepping ~*~*~tactically~*~*~ (hiding).
  6271 | D:6      | 6271 ||| Stepping ~*~*~tactically~*~*~ (hiding).
  6272 | D:6      | 6272 ||| Stepping ~*~*~tactically~*~*~ (hiding).
  6274 | D:6      | 6274 ||| Stepping ~*~*~tactically~*~*~ (hiding).
  6401 | D:6      | 6401 ||| READING scroll of enchant weapon.
  6401 | D:6      | 6401 ||| ENCHANTING +1 hand axe.
  6498 | D:6      | Noticed Edmund
  6502 | D:6      | 6502 ||| INVOKING Berserk.
  6514 | D:6      | Killed Edmund
  6585 | D:6      | Reached skill level 12 in Axes
  6607 | D:6      | 6607 ||| Stepping ~*~*~tactically~*~*~ (hiding).
  6864 | D:6      | 6864 ||| FLEEEEING.
  6865 | D:6      | 6865 ||| FLEEEEING.
  6870 | D:6      | 6870 ||| FLEEEEING.
  6871 | D:6      | 6871 ||| FLEEEEING.
  6872 | D:6      | 6872 ||| FLEEEEING.
  6873 | D:6      | 6873 ||| FLEEEEING.
  6874 | D:6      | 6874 ||| FLEEEEING.
  6875 | D:6      | 6875 ||| FLEEEEING.
  6876 | D:6      | 6876 ||| FLEEEEING.
  6877 | D:6      | 6877 ||| FLEEEEING.
  6878 | D:6      | 6878 ||| FLEEEEING.
  6879 | D:6      | 6879 ||| STAIRDANCE
  6913 | D:5      | 6913 ||| UPGRADING to +0 chain mail.
  6923 | D:5      | 6923 ||| DROPPING +0 ring mail.
  6926 | D:6      | 6926 ||| INVOKING Berserk.
  6929 | D:6      | Reached skill level 3 in Armour
  6929 | D:6      | 6929 ||| STAIRDANCE
  7092 | D:6      | Found Bibeth's Fire Supplies.
  7102 | D:6      | 7102 ||| SHOPLISTING +0 fire dragon scales (900 gold, have
                  | 211).
  7102 | D:6      | 7102 ||| SHOPLISTING +1 plate armour of fire resistance
                  | (525 gold, have 211).
  7102 | D:6      | 7102 ||| SHOPLISTING +2 ring mail of fire resistance (315
                  | gold, have 211).
  7102 | D:6      | 7102 ||| SHOPLISTING ring of fire (375 gold, have 211).
  7102 | D:6      | 7102 ||| SHOPLISTING ring of protection from fire (375
                  | gold, have 211).
  7185 | D:6      | 7185 ||| UPGRADING to ring of protection from cold.
  7409 | D:7      | 7409 ||| Stepping ~*~*~tactically~*~*~ (hiding).
  7421 | D:7      | Reached **** piety under Trog
  7459 | D:7      | Reached XP level 9. HP: 74/79 MP: 8/8
  7479 | D:7      | Found a staircase to the Ecumenical Temple.
  7497 | D:7      | Found a radiant altar of Vehumet.
  7501 | D:7      | Found a glowing golden altar of the Shining One.
  7505 | D:7      | Found a sacrificial altar of Ru.
  7505 | D:7      | Found a blossoming altar of Fedhas.
  7505 | D:7      | Found a bloodstained altar of Trog.
  7804 | D:7      | 7804 ||| READING scroll labelled BUMUGI SODEHUX.
  7968 | D:7      | 7968 ||| READING 5 scrolls of identify.
  7968 | D:7      | 7968 ||| IDENTIFYING lumpy amethyst potion
  7969 | D:7      | 7969 ||| READING 4 scrolls of identify.
  7969 | D:7      | 7969 ||| IDENTIFYING bubbling coppery potion
  7970 | D:7      | 7970 ||| DROPPING potion of lignification.
  8000 | D:8      | 8000 ||| PLANNING OSSUARY
  8015 | D:8      | Found a broken altar of Ashenzari.
  8061 | D:8      | Reached skill level 13 in Axes
  8062 | D:8      | 8062 ||| INVOKING Berserk.
  8072 | D:8      | HP: 18/79 [poisoned by a killer bee]
  8378 | D:8      | 8378 ||| FLEEEEING.
  8388 | D:8      | 8388 ||| STAIRDANCE
  8423 | D:7      | 8423 ||| READING 3 scrolls of identify.
  8423 | D:7      | 8423 ||| IDENTIFYING red potion
  8424 | D:7      | 8424 ||| DROPPING potion of flight.
  8476 | D:8      | Paralysed by a hornet for 2 turns
  8478 | D:8      | 8478 ||| INVOKING Berserk.
  8479 | D:8      | HP: 25/121 [hornet (13)]
  8484 | D:8      | HP: 19/121 [poisoned by a hornet]
  8487 | D:8      | HP: 9/81 [poisoned by a hornet]
  8639 | D:8      | 8639 ||| RIP OSSUARY
  8787 | D:8      | 8787 ||| PLANNING D:1-11
  8872 | D:8      | 8872 ||| Stepping ~*~*~tactically~*~*~ (hiding).
  8873 | D:8      | 8873 ||| Stepping ~*~*~tactically~*~*~ (hiding).
  8875 | D:8      | 8875 ||| Stepping ~*~*~tactically~*~*~ (hiding).
  8876 | D:8      | 8876 ||| Stepping ~*~*~tactically~*~*~ (hiding).
  8877 | D:8      | 8877 ||| Stepping ~*~*~tactically~*~*~ (hiding).
  8878 | D:8      | 8878 ||| Stepping ~*~*~tactically~*~*~ (stealth).
  8880 | D:8      | 8880 ||| INVOKING Berserk.
  9211 | D:8      | 9211 ||| READING scroll labelled YPPOJA QUOX.
  9239 | D:9      | 9239 ||| Stepping ~*~*~tactically~*~*~ (stealth).
  9250 | D:9      | Reached skill level 1 in Throwing
  9298 | D:9      | 9298 ||| DRINKING 5 potions of curing.
  9298 | D:9      | 9298 ||| (to cure confusion)
  9299 | D:9      | 9299 ||| INVOKING Berserk.
  9305 | D:9      | Reached skill level 14 in Axes
  9461 | D:9      | 9461 ||| SWAPPING to +0 war axe.
  9462 | D:9      | 9462 ||| DROPPING +2 hand axe.
  9470 | D:9      | Found a shimmering blue altar of Sif Muna.
  9583 | D:9      | Found a staircase to the Lair.
  9607 | D:9      | 9607 ||| Stepping ~*~*~tactically~*~*~ (hiding).
  9871 | D:9      | Found an ornate altar of the Wu Jian Council.
  9889 | D:9      | 9889 ||| UPGRADING to +0 plate armour.
  9890 | D:9      | 9890 ||| UPGRADING to +0 plate armour.
  9895 | D:9      | 9895 ||| UPGRADING to +0 chain mail.
  9937 | D:9      | 9937 ||| UPGRADING to +0 plate armour.
  9947 | D:9      | 9947 ||| DROPPING +0 chain mail.
 10052 | D:9      | Found a staircase to the Orcish Mines.
 10114 | D:9      | Reached skill level 6 in Armour
 10145 | D:9      | 10145 ||| Stepping ~*~*~tactically~*~*~ (hiding).
 10158 | D:9      | 10158 ||| Stepping ~*~*~tactically~*~*~ (stealth).
 10160 | D:9      | 10160 ||| Stepping ~*~*~tactically~*~*~ (stealth).
 10161 | D:9      | 10161 ||| Stepping ~*~*~tactically~*~*~ (stealth).
 10162 | D:9      | 10162 ||| Stepping ~*~*~tactically~*~*~ (stealth).
 10163 | D:9      | 10163 ||| Stepping ~*~*~tactically~*~*~ (stealth).
 10164 | D:9      | 10164 ||| Stepping ~*~*~tactically~*~*~ (stealth).
 10167 | D:9      | Reached XP level 10. HP: 64/87 MP: 9/9
 10168 | D:9      | 10168 ||| FLEEEEING.
 10169 | D:9      | 10169 ||| FLEEEEING.
 10170 | D:9      | 10170 ||| FLEEEEING.
 10171 | D:9      | 10171 ||| FLEEEEING.
 10172 | D:9      | 10172 ||| FLEEEEING.
 10173 | D:9      | 10173 ||| FLEEEEING.
 10176 | D:9      | 10176 ||| FLEEEEING.
 10177 | D:9      | 10177 ||| FLEEEEING.
 10178 | D:9      | 10178 ||| FLEEEEING.
 10179 | D:9      | 10179 ||| FLEEEEING.
 10183 | D:9      | 10183 ||| FLEEEEING.
 10184 | D:9      | 10184 ||| FLEEEEING.
 10185 | D:9      | 10185 ||| FLEEEEING.
 10192 | D:9      | 10192 ||| FLEEEEING.
 10193 | D:9      | 10193 ||| FLEEEEING.
 10197 | D:9      | 10197 ||| FLEEEEING.
 10198 | D:9      | 10198 ||| FLEEEEING.
 10199 | D:9      | 10199 ||| FLEEEEING.
 10200 | D:9      | 10200 ||| FLEEEEING.
 10201 | D:9      | 10201 ||| FLEEEEING.
 10202 | D:9      | 10202 ||| FLEEEEING.
 10203 | D:9      | 10203 ||| FLEEEEING.
 10204 | D:9      | 10204 ||| FLEEEEING.
 10205 | D:9      | 10205 ||| FLEEEEING.
 10206 | D:9      | 10206 ||| FLEEEEING.
 10207 | D:9      | 10207 ||| FLEEEEING.
 10208 | D:9      | 10208 ||| FLEEEEING.
 10209 | D:9      | 10209 ||| FLEEEEING.
 10210 | D:9      | 10210 ||| FLEEEEING.
 10211 | D:9      | 10211 ||| FLEEEEING.
 10212 | D:9      | 10212 ||| FLEEEEING.
 10215 | D:9      | 10215 ||| FLEEEEING.
 10216 | D:9      | 10216 ||| FLEEEEING.
 10217 | D:9      | 10217 ||| FLEEEEING.
 10218 | D:9      | 10218 ||| FLEEEEING.
 10219 | D:9      | 10219 ||| FLEEEEING.
 10220 | D:9      | 10220 ||| FLEEEEING.
 10221 | D:9      | 10221 ||| FLEEEEING.
 10224 | D:9      | 10224 ||| FLEEEEING.
 10225 | D:9      | 10225 ||| FLEEEEING.
 10226 | D:9      | 10226 ||| STAIRDANCE
 10269 | D:9      | 10269 ||| STAIRDANCE
 10443 | D:9      | 10443 ||| DROPPING +0 flail.
 10632 | D:9      | 10632 ||| PLANNING LAIR
 10632 | D:9      | 10632 ||| UPGRADING to ring of see invisible.
 10698 | Lair:1   | Entered Level 1 of the Lair of Beasts
 10709 | Lair:1   | Reached skill level 15 in Axes
 10711 | Lair:1   | 10711 ||| DRINKING potion of cancellation.
 10712 | Lair:1   | 10712 ||| INVOKING Berserk.
 10740 | Lair:1   | Noticed a cane toad
 10741 | Lair:1   | 10741 ||| Stepping ~*~*~tactically~*~*~ (stealth).
 10765 | Lair:1   | Noticed Fannar
 10766 | Lair:1   | 10766 ||| Stepping ~*~*~tactically~*~*~ (stealth).
 10786 | Lair:1   | 10786 ||| INVOKING Berserk.
 10791 | Lair:1   | Killed Fannar
 10792 | Lair:1   | Reached skill level 9 in Fighting
 10821 | Lair:1   | Reached skill level 3 in Dodging
 10879 | Lair:1   | 10879 ||| INVOKING Berserk.
 10883 | Lair:1   | Killed a cane toad
 11253 | Lair:1   | Noticed a black mamba
 11255 | Lair:1   | 11255 ||| INVOKING Berserk.
 11258 | Lair:1   | Killed a black mamba
 11469 | Lair:1   | 11469 ||| INVOKING Berserk.
 11479 | Lair:1   | HP: 34/139 [komodo dragon (17)]
 11484 | Lair:1   | Reached skill level 16 in Axes
 11798 | Lair:1   | Noticed a black mamba
 11802 | Lair:1   | 11802 ||| INVOKING Berserk.
 11812 | Lair:1   | Killed a black mamba
 11994 | Lair:1   | Noticed a cane toad
 11998 | Lair:1   | 11998 ||| INVOKING Berserk.
 12001 | Lair:1   | Killed a cane toad
 12153 | Lair:1   | Noticed a black mamba
 12156 | Lair:1   | 12156 ||| INVOKING Berserk.
 12161 | Lair:1   | Killed a black mamba
 12162 | Lair:1   | Reached XP level 11. HP: 100/100 MP: 10/10
 12327 | Lair:1   | 12327 ||| INVOKING Berserk.
 12508 | Lair:1   | Noticed a five-headed hydra
 12509 | Lair:1   | 12509 ||| INVOKING Brothers in Arms.
 12510 | Lair:1   | 12510 ||| INVOKING Brothers in Arms.
 12511 | Lair:1   | 12511 ||| SWAPPING to +0 morningstar.
 12513 | Lair:1   | 12513 ||| INVOKING Berserk.
 12515 | Lair:1   | Killed a five-headed hydra
 12520 | Lair:1   | 12520 ||| SWAPPING to +0 war axe.
 12731 | Lair:1   | 12731 ||| Stepping ~*~*~tactically~*~*~ (stealth).
 13164 | Lair:1   | 13164 ||| READING scroll labelled OZECOCLAES.
 13165 | Lair:1   | 13165 ||| READING 4 scrolls of identify.
 13165 | Lair:1   | 13165 ||| IDENTIFYING sapphire potion
 13183 | Lair:2   | 13183 ||| INVOKING Berserk.
 13189 | Lair:2   | Reached skill level 9 in Armour
 13194 | Lair:2   | 13194 ||| STAIRDANCE
 13298 | Lair:2   | Noticed a five-headed hydra
 13299 | Lair:2   | 13299 ||| INVOKING Brothers in Arms.
 13301 | Lair:2   | 13301 ||| SWAPPING to +0 morningstar.
 13302 | Lair:2   | 13302 ||| INVOKING Berserk.
 13304 | Lair:2   | Killed a five-headed hydra
 13319 | Lair:2   | 13319 ||| SWAPPING to +0 war axe.
 13455 | Lair:2   | 13455 ||| Stepping ~*~*~tactically~*~*~ (hiding).
 13471 | Lair:2   | Found a staircase to the Snake Pit.
 13642 | Lair:2   | Found a staircase to the Swamp.
 13772 | Lair:2   | 13772 ||| Stepping ~*~*~tactically~*~*~ (stealth).
 13774 | Lair:2   | 13774 ||| Stepping ~*~*~tactically~*~*~ (stealth).
 13780 | Lair:2   | 13780 ||| INVOKING Berserk.
 13786 | Lair:2   | Reached skill level 12 in Fighting
 14174 | Lair:2   | 14174 ||| INVOKING Berserk.
 14635 | Lair:2   | 14635 ||| READING 3 scrolls of identify.
 14635 | Lair:2   | 14635 ||| IDENTIFYING fuming red potion
 14636 | Lair:2   | 14636 ||| READING 2 scrolls of identify.
 14636 | Lair:2   | 14636 ||| IDENTIFYING clear potion
 14637 | Lair:2   | 14637 ||| DROPPING potion of ambrosia.
 14668 | Lair:3   | 14668 ||| INVOKING Berserk.
 14805 | Lair:3   | 14805 ||| Stepping ~*~*~tactically~*~*~ (stealth).
 14807 | Lair:3   | 14807 ||| Stepping ~*~*~tactically~*~*~ (stealth).
 14810 | Lair:3   | 14810 ||| INVOKING Berserk.
 14961 | Lair:3   | 14961 ||| INVOKING Berserk.
 14979 | Lair:3   | 14979 ||| Stepping ~*~*~tactically~*~*~ (stealth).
 14983 | Lair:3   | 14983 ||| Stepping ~*~*~tactically~*~*~ (stealth).
 14986 | Lair:3   | 14986 ||| Stepping ~*~*~tactically~*~*~ (stealth).
 15000 | Lair:3   | 15000 ||| INVOKING Berserk.
 15059 | Lair:3   | 15059 ||| INVOKING Berserk.
 15252 | Lair:3   | 15252 ||| INVOKING Berserk.
 15423 | Lair:3   | 15423 ||| Stepping ~*~*~tactically~*~*~ (stealth).
 15434 | Lair:3   | Reached XP level 12. HP: 115/115 MP: 11/11
 15625 | Lair:3   | Found a sparkling altar of Nemelex Xobeh.
 15631 | Lair:3   | 15631 ||| INVOKING Berserk.
 15938 | Lair:3   | Noticed a catoblepas
 15939 | Lair:3   | 15939 ||| Stepping ~*~*~tactically~*~*~ (stealth).
 15940 | Lair:3   | 15940 ||| Stepping ~*~*~tactically~*~*~ (stealth).
 15941 | Lair:3   | 15941 ||| Stepping ~*~*~tactically~*~*~ (stealth).
 15942 | Lair:3   | 15942 ||| INVOKING Berserk.
 15946 | Lair:3   | Killed a catoblepas
 16570 | Lair:4   | Reached skill level 6 in Dodging
 16867 | Lair:4   | 16867 ||| INVOKING Berserk.
 17100 | Lair:4   | Found a staircase to the Slime Pits.
 17103 | Lair:4   | Found a viscous altar of Jiyva.
 17203 | Lair:4   | Noticed a catoblepas
 17204 | Lair:4   | 17204 ||| Stepping ~*~*~tactically~*~*~ (hiding).
 17206 | Lair:4   | 17206 ||| Stepping ~*~*~tactically~*~*~ (hiding).
 17208 | Lair:4   | 17208 ||| INVOKING Berserk.
 17212 | Lair:4   | Killed a catoblepas
 17345 | Lair:4   | 17345 ||| FLEEEEING.
 17347 | Lair:4   | 17347 ||| INVOKING Berserk.
 17354 | Lair:4   | Reached skill level 15 in Fighting
 17660 | Lair:4   | 17660 ||| FLEEEEING.
 17743 | Lair:4   | 17743 ||| Stepping ~*~*~tactically~*~*~ (stealth).
 17744 | Lair:4   | 17744 ||| Stepping ~*~*~tactically~*~*~ (stealth).
 17745 | Lair:4   | 17745 ||| Stepping ~*~*~tactically~*~*~ (stealth).
 17749 | Lair:4   | 17749 ||| Stepping ~*~*~tactically~*~*~ (stealth).
 17810 | Lair:4   | Noticed a five-headed hydra
 17815 | Lair:4   | 17815 ||| SWAPPING to +0 morningstar.
 17817 | Lair:4   | 17817 ||| INVOKING Berserk.
 17820 | Lair:4   | Killed a five-headed hydra
 17821 | Lair:4   | Reached skill level 12 in Armour
 17877 | Lair:4   | 17877 ||| SWAPPING to +0 war axe.
 17916 | Lair:4   | 17916 ||| INVOKING Berserk.
 17927 | Lair:4   | 17927 ||| READING 7 scrolls of teleportation.
 17927 | Lair:4   | HP: 25/119 [oklob plant/splash of acid (28)]
 17928 | Lair:4   | 17928 ||| DRINKING 3 potions of heal wounds.
 18237 | Lair:4   | 18237 ||| INVOKING Berserk.
 18259 | Lair:4   | HP: 19/119 [oklob plant/splash of acid (29)]
 18260 | Lair:4   | 18260 ||| READING 6 scrolls of teleportation.
 18261 | Lair:4   | 18261 ||| DRINKING 2 potions of heal wounds.
 18262 | Lair:4   | 18262 ||| DRINKING potion of heal wounds.
 18263 | Lair:4   | 18263 ||| READING 5 scrolls of teleportation.
 18556 | Lair:4   | 18556 ||| READING 4 scrolls of teleportation.
 18874 | Lair:4   | 18874 ||| Stepping ~*~*~tactically~*~*~ (stealth).
 19120 | Lair:4   | HP: 26/121 [oklob plant/splash of acid (28)]
 19121 | Lair:4   | 19121 ||| READING 3 scrolls of teleportation.
 19124 | Lair:4   | Killed from afar by an oklob plant

Levels and vault maps discovered:
D:1:      sevenhm_arrival_forest_fort_small_5, layout_basic,
          minmay_gold_behind_fungi
D:2:      layout_basic, serial_shops, nicolae_shop_overgrown_old_shop, shop,
          shop, shop_statue
D:3:      layout_loops_corners
D:4:      layout_rooms, uniq_duvessa
D:5:      layout_loops_ring, hangedman_decor_lopped, uniq_prince_ribbit1
D:6:      layout_basic, minmay_misc_feat_secret_circle, kennysheep_flooded_box,
          nicolae_shop_fire_sale [nicolae_sub_dead_trees], uniq_edmund
D:7:      layout_gridville, grunt_temple_overflow_open,
          minmay_temple_entry_offerings
D:8:      layout_rooms, cheibrodos_ashenzari_chains, enter_ossuary_2
D:9:      layout_grid_maze, amcnicky_altar_gilded, lemuel_crystal_altar,
          lair_entry_dummy, hiddenorc1_lemuel
Lair:1:   lemuel_ratsnest, layout_regular_city, hibernation_bobbens, uniq_fannar
Lair:2:   layout_gridlike, swamp_mist_pool, minmay_snake_entry_guardpost_small,
          serial_bayou_shore_a
Lair:3:   layout_gridlike, basic_altar, beast_lair_carwin_9
Lair:4:   layout_long_grid, slime_entry_1, minmay_lair_oklob_bushes

Skill      XL: |  1  2  3  4  5  6  7  8  9 10 11 12 |
---------------+-------------------------------------+-----
Axes           | 4 5 6 8 9 10 12 14 16 | 16.0
Fighting       | 4 6 7 8 10 13 15 | 15.2
Armour         | 4 6 7 10 12 | 12.1
Throwing       | 1 |  1.3
Dodging        | 3 5 6 |  6.1

Action                   |  1- 3 |  4- 6 |  7- 9 | 10-12 || total
-------------------------+-------+-------+-------+-------++-------
Melee: Hand axe          |    89 |   133 |   280 |       ||   502
       Headbutt          |    12 |    17 |    44 |    94 ||   167
       Punch             |       |     1 |     3 |     2 ||     6
       War axe           |       |       |    30 |   448 ||   478
       Morningstar       |       |       |       |     7 ||     7
Throw: Boomerang         |       |       |    13 |     5 ||    18
Invok: Berserk           |       |     4 |    10 |    28 ||    42
       Brothers in Arms  |       |       |       |     2 ||     2
  Use: Scroll            |     3 |     9 |    10 |     9 ||    31
       Potion            |       |       |     1 |     4 ||     5
 Stab: Distracted        |       |       |       |     1 ||     1
Armor: Animal skin       |     7 |       |       |       ||     7
       Ring mail         |     8 |    33 |    20 |       ||    61
       Chain mail        |       |       |    43 |       ||    43
       Plate armour      |       |       |     7 |   131 ||   138
Dodge: Dodged            |    52 |    45 |   109 |   150 ||   356

Table legend:
 A = Non-vault XP
 B = Vault XP
 C = Vault XP percentage of total XP
 D = Non-vault monster count
 E = Vault monster count
 F = Vault count percentage of total count
                 A         B        C        D         E       F
            +---------+---------+-------+---------+---------+-------
      Total |   28003 |    4597 |  14.1 |     252 |      73 |  22.5
            +---------+---------+-------+---------+---------+-------
        D:1 |      52 |       0 |   0.0 |      31 |       0 |   0.0
        D:2 |      69 |       0 |   0.0 |      24 |       0 |   0.0
        D:3 |      48 |       0 |   0.0 |      18 |       0 |   0.0
        D:4 |     227 |     226 |  49.9 |      17 |       2 |  10.5
        D:5 |     545 |     268 |  33.0 |      16 |       1 |   5.9
        D:6 |     939 |     154 |  14.1 |      13 |       1 |   7.1
        D:7 |     379 |       0 |   0.0 |      13 |       0 |   0.0
        D:8 |    1201 |       0 |   0.0 |      18 |       0 |   0.0
        D:9 |    1380 |     320 |  18.8 |      22 |      17 |  43.6
     Lair:1 |    6114 |    1770 |  22.5 |      21 |      43 |  67.2
     Lair:2 |    3388 |     667 |  16.4 |      12 |       4 |  25.0
     Lair:3 |    6867 |    1192 |  14.8 |      21 |       5 |  19.2
     Lair:4 |    6794 |       0 |   0.0 |      26 |       0 |   0.0
            +---------+---------+-------+---------+---------+-------
